[Event "Late-Titled-Tuesday-Blitz-May-07-2024"]
[Site "Chess.com"]
[Date "2024.05.07"]
[Round "6"]
[White "Dr_troll"]
[Black "oskariot"]
[Result "0-1"]
[WhiteElo "2549"]
[BlackElo "2760"]
[TimeControl "180+1"]
[EndTime "15:04:43 PDT"]
[Termination "oskariot won by resignation"]

1. Nf3 c5 2. g3 g6 3. Bg2 Bg7 4. O-O Nc6 5. c4 d6 6. Nc3 e5 7.
Rb1 Nge7 8. a3 a5 9. e3 O-O 10. Nd5 Nxd5 11. cxd5 Ne7 12. e4 f5 13. d3 f4 14.
gxf4 exf4 15. d4 cxd4 16. Nxd4 g5 17. Ne6 Bxe6 18. dxe6 Ng6 19. Qd5 Qe7 20. Bh3 Ne5 21. f3 Rac8 22. b4 Rc2 23. b5 Rfc8 24. a4 R8c3 25. Bg4 Rd3 26. Rd1 Rxd5 27. exd5 Qc7 28.
Ba3 Qb6+ 0-1

[Event "Late-Titled-Tuesday-Blitz-May-07-2024"]
[Site "Chess.com"]
[Date "2024.05.07"]
[Round "6"]
[White "SoCalJuniorChess"]
[Black "klifus"]
[Result "1-0"]
[WhiteElo "2187"]
[BlackElo "2157"]
[TimeControl "180+1"]
[EndTime "15:04:44 PDT"]
[Termination "SoCalJuniorChess won by resignation"]

1. d4 Nf6 2. Nc3 g5 3. Bxg5 h6 4. Bxf6 exf6 5. e4 d6 6. Bc4 Bg7 7. Qh5 O-O 8. h4 Be6 9. Bxe6 fxe6 10. Rh3 Qe8 11. Qxe8 Rxe8 12. Nge2 Nc6 13. O-O-O a6 14. f4 b5 15. f5 exf5 16. exf5 b4 17. Nf4 bxc3 18.
Rxc3 Ne7 19. g4 Rac8 20. Re1 c5 21. Rce3 Kf7 22. Re6 Nc6 23. d5 Nd4 24. Rd1 Nxe6 25. dxe6+ Kg8 26. Rxd6 a5 27. Rd7 Bf8 28. Nd5 Be7 29.
Nxe7+ Kf8 30. Ng6+ Kg8 31. Ne7+ Kf8 32. Nxc8 Rxc8 33. Rh7 h5 34. Rh8+ Ke7 35. Rxc8 hxg4 36. Rg8 1-0

[Event "Late-Titled-Tuesday-Blitz-May-07-2024"]
[Site "Chess.com"]
[Date "2024.05.07"]
[Round "6"]
[White "EliteChess0967"]
[Black "Mbneu"]
[Result "1-0"]
[WhiteElo "2403"]
[BlackElo "2215"]
[TimeControl "180+1"]
[EndTime "15:04:46 PDT"]
[Termination "EliteChess0967 won by resignation"]

1. d4 Nf6 2. Nf3 c5 3. d5 d6 4.
c4 e6 5. Nc3 exd5 6. cxd5 g6 7.
e4 Bg7 8. Be2 O-O 9. O-O Bg4 10.
h3 Bxf3 11. Bxf3 Nbd7 12. Bf4 Qe7 13. Re1 Ne5 14. Bg3 Nxf3+ 15. Qxf3 Nd7 16. Rad1 a6 17.
Qe2 b5 18. Qc2 b4 19. Nb1 Bd4 20. Nd2 Ne5 21. Bxe5 Bxe5 22. Nf3 a5 23. b3 Bc3 24.
Re3 f6 25. Ne1 Qd7 26. Nd3 a4 27. Nf4 axb3 28. axb3 Ra3 29. Ne6 Rfa8 30. Re2 Ra1 31.
Rxa1 Rxa1+ 32. Kh2 Qa7 33. Qd3 Ra2 34. Qb5 Kf7 35.
Rxa2 Qxa2 36. Qd7+ 1-0

[Event "Late-Titled-Tuesday-Blitz-May-07-2024"]
[Site "Chess.com"]
[Date "2024.05.07"]
[Round "6"]
[White "miraitrunks"]
[Black "Alexei_Gubajdullin"]
[Result "0-1"]
[WhiteElo "2258"]
[BlackElo "2554"]
[TimeControl "180+1"]
[EndTime "15:04:50 PDT"]
[Termination "Alexei_Gubajdullin won by checkmate"]

1. e4 g6 2. d4 Bg7 3. Nc3 d6 4. Be3 a6 5. a4 b6 6. g3 Bb7 7. Bg2 e6 8. Nge2 Nd7 9. O-O Ngf6 10. h3 O-O 11. g4 Rb8 12. Ng3 c5 13. g5 Ne8 14. d5 Ne5 15. Qe2 Nc7 16. f4 Nd7 17.
Rad1 exd5 18. exd5 b5 19. axb5 axb5 20. Nce4 Bxd5 21. Nxd6 Bxg2 22. Qxg2 Qe7 23. Rfe1 Qd8 24. Nge4 Bxb2 25. Nxc5 Nxc5 26. Bxc5 Ne6 27. Nxf7 Qc7 28. Nh6+ Kh8 29. Bxf8 Nxf4 30. Qe4 Rxf8 31. Rf1 Qc5+ 32. Kh2 Qxg5 33. Nf7+ Rxf7 34. Rd8+ Kg7 35. Qe8 Qg2# 0-1

[Event "Late-Titled-Tuesday-Blitz-May-07-2024"]
[Site "Chess.com"]
[Date "2024.05.07"]
[Round "6"]
[White "Kostukov_Alex"]
[Black "djano"]
[Result "0-1"]
[WhiteElo "2368"]
[BlackElo "2541"]
[TimeControl "180+1"]
[EndTime "15:04:53 PDT"]
[Termination "djano won on time"]

1. g3 c5 2. Bg2 Nc6 3. c4 g6 4. Nf3 Bg7 5. O-O Nf6 6. d4 cxd4 7. Nxd4 O-O 8. c5 Qa5 9. Nb3 Qa6 10. Nc3 b6 11. cxb6 axb6 12. Bg5 e6 13. Qd2 d5 14. e4 d4 15. Nxd4 Rd8 16. Qf4 Nh5 17. Qc7 Rxd4 18. Qxc6 Bd7 19. Qc7 Rc8 20. Qxc8+ Qxc8 21. Rad1 Bc6 22.
Be3 Rxd1 23. Rxd1 b5 24. h3 b4 25. Ne2 Qa8 26. f3 f5 27. exf5 gxf5 28. Kf2 e5 29.
Nd4 exd4 30. Bxd4 Bxd4+ 31. Rxd4 Qa7 32. Ke3 Nxg3 0-1

[Event "Late-Titled-Tuesday-Blitz-May-07-2024"]
[Site "Chess.com"]
[Date "2024.05.07"]
[Round "6"]
[White "ploxoi"]
[Black "SharathRk6"]
[Result "0-1"]
[WhiteElo "2338"]
[BlackElo "2462"]
[TimeControl "180+1"]
[EndTime "15:04:53 PDT"]
[Termination "SharathRk6 won by resignation"]

1. d4 Nf6 2. c4 e6 3. g3 d5 4. Bg2 Be7 5. Nf3 O-O 6. O-O dxc4 7. Qc2 a6 8. Rd1 b5 9. a4 Bb7 10. b3 Be4 11. Qb2 cxb3 12. Qxb3 b4 13. Nbd2 Bd5 14. Qc2 Nbd7 15. e4 Bb7 16. a5 Rc8 17. Ne5 c5 18. Nxd7 Nxd7 19. dxc5 Bxc5 20. Qb3 Qf6 21. Bb2 Qxf2+ 22. Kh1 Nf6 23. Bxf6 Qxf6 24.
Rf1 Qc3 25. Qxc3 bxc3 26. Nb3 c2 27. Rfc1 Be3 28. Re1 Rc3 29. Nc1 Rd8 30. Ne2 Rcd3 31. Bf3 Rd1 32. Nc3 Rxa1 33. Rxa1 c1=Q+ 0-1

[Event "Late-Titled-Tuesday-Blitz-May-07-2024"]
[Site "Chess.com"]
[Date "2024.05.07"]
[Round "6"]
[White "protectiago"]
[Black "Hirna2005"]
[Result "0-1"]
[WhiteElo "2058"]
[BlackElo "2326"]
[TimeControl "180+1"]
[EndTime "15:04:53 PDT"]
[Termination "Hirna2005 won by checkmate"]

1. d4 g6 2. c4 Bg7 3. Nc3 d6 4. e4 Nc6 5. Be3 e5 6. dxe5 Nxe5 7. Be2 Ne7 8. Nf3 N7c6 9. O-O O-O 10. Rc1 Be6 11. b3 h6 12. Nd5 Kh7 13. Ne1 f5 14. exf5 Bxf5 15. Qd2 Ng4 16. h3 Nxe3 17. Nxe3 Be6 18.
Nf3 Qe7 19. Rfe1 Ne5 20. Nxe5 Bxe5 21. Rcd1 Qh4 22. Ng4 Bf4 23. Qd4 h5 24. Bf1 Bxg4 25. hxg4 Qh2# 0-1

[Event "Late-Titled-Tuesday-Blitz-May-07-2024"]
[Site "Chess.com"]
[Date "2024.05.07"]
[Round "6"]
[White "Arteler"]
[Black "PenguinPacks"]
[Result "0-1"]
[WhiteElo "2279"]
[BlackElo "2488"]
[TimeControl "180+1"]
[EndTime "15:04:56 PDT"]
[Termination "PenguinPacks won by checkmate"]

1. d4 Nf6 2. Bg5 g6 3. c4 Bg7 4. e3 O-O 5. Nc3 d6 6. Nf3 c6 7. Be2 Nbd7 8. O-O Qe8 9. h3 e5 10. dxe5 dxe5 11. Nd2 a5 12. Nde4 Nxe4 13. Nxe4 f5 14.
Nd6 Qe6 15. b3 h6 16. c5 b5 17. Nxc8 Raxc8 18. Bh4 Nxc5 19. Rc1 Ne4 20. a4 Rb8 21. axb5 cxb5 22. Bg3 Rfd8 23. Qc2 Rbc8 24. Qa2 Nxg3 25. fxg3 Qb6 26. b4+ Kh7 27. bxa5 Qxe3+ 28. Kh1 Rxc1 29. Rxc1 Qxc1+ 30. Kh2 Rd2 31. Qf7 Rxe2 32. g4 Qf4+ 33.
Kh1 Re1# 0-1

[Event "Late-Titled-Tuesday-Blitz-May-07-2024"]
[Site "Chess.com"]
[Date "2024.05.07"]
[Round "6"]
[White "Olkaa"]
[Black "Narek_Ghimoyan"]
[Result "0-1"]
[WhiteElo "2617"]
[BlackElo "2435"]
[TimeControl "180+1"]
[EndTime "15:04:57 PDT"]
[Termination "Narek_Ghimoyan won by resignation"]

1. e4 e6 2. d4 d5 3. Bd3 dxe4 4.
Bxe4 Nf6 5. Bf3 c5 6. Ne2 Nc6 7. Be3 e5 8. Bxc6+ bxc6 9. dxe5 Qxd1+ 10. Kxd1 Ng4 11. Nd2 Be6 12. Nf3 O-O-O+ 13. Ke1 Be7 14. h3 Nxe3 15. fxe3 g5 16. g4 h5 17. Rg1 hxg4 18.
hxg4 f6 19. Nc3 fxe5 20. Rd1 Rdf8 21. Nxe5 Rh6 22. Nxc6 Bf6 23. Kd2 Rh2+ 24. Kc1 Bxc3 25. bxc3 Rff2 26. Rd6 Rxc2+ 27. Kd1 Rxa2 28. Ke1 Bb3 0-1

[Event "Late-Titled-Tuesday-Blitz-May-07-2024"]
[Site "Chess.com"]
[Date "2024.05.07"]
[Round "6"]
[White "Msb2"]
[Black "Rital44"]
[Result "1-0"]
[WhiteElo "3033"]
[BlackElo "2717"]
[TimeControl "180+1"]
[EndTime "15:04:58 PDT"]
[Termination "Msb2 won by resignation"]

1. d4 Nf6 2. c4 g6 3. Nc3 Bg7 4. e4 d6 5. Be2 O-O 6. Nf3 Na6 7. O-O e5 8. Be3 c6 9. d5 Ng4 10. Bg5 f6 11. Bh4 c5 12. Ne1 Nh6 13. a3 g5 14. Bg3 f5 15. exf5 Nxf5 16. Nc2 Nc7 17. Bg4 Ne8 18. Ne3 Nd4 19. Ne4 Rf4 20.
Bxf4 exf4 21. Bxc8 Qxc8 22. Nc2 Nb3 23. Rb1 Qf5 24. Qd3 Nd4 25. Nxd4 Bxd4 26. Nxc5 Qxd3 27. Nxd3 Nf6 28. Rfe1 Rc8 29. Rbc1 Ng4 30. h3 Nh6 31. Kf1 Nf5 32. b4 b6 33. Re4 Kf7 34. Rc2 Bf6 35. c5 bxc5 36. bxc5 Nd4 37. Rb2 dxc5 38. Rb7+ Kg6 39.
d6 c4 40. d7 Rd8 41. Ne5+ Bxe5 42. Rxe5 Nb3 43. Re8 c3 44. Rxd8 1-0

[Event "Late-Titled-Tuesday-Blitz-May-07-2024"]
[Site "Chess.com"]
[Date "2024.05.07"]
[Round "6"]
[White "Yerkinio"]
[Black "Redzishchess"]
[Result "1-0"]
[WhiteElo "2683"]
[BlackElo "2511"]
[TimeControl "180+1"]
[EndTime "15:05:00 PDT"]
[Termination "Yerkinio won by resignation"]

1. e4 c5 2. Nf3 d6 3. d4 cxd4 4. Nxd4 Nf6 5. Nc3 g6 6. Be3 Bg7 7. f3 O-O 8. Qd2 Nc6 9. O-O-O d5 10. exd5 Nxd5 11. Nxc6 bxc6 12. Bd4 e5 13. Bc5 Re8 14.
Ne4 Be6 15. h4 h6 16. h5 g5 17. g4 Qc7 18. Rh2 Red8 19. Qe1 Rd7 20. Bc4 Rad8 21. Rhd2 Nf4 22. Bxe6 Nxe6 23. Rxd7 Rxd7 24. Rxd7 Qxd7 25. Qd2 Qd5 26. Qa5 Bf8 27. Nf6+ 1-0

[Event "Late-Titled-Tuesday-Blitz-May-07-2024"]
[Site "Chess.com"]
[Date "2024.05.07"]
[Round "6"]
[White "FabianoCaruana"]
[Black "ViIIagra"]
[Result "1-0"]
[WhiteElo "3082"]
[BlackElo "2841"]
[TimeControl "180+1"]
[EndTime "15:05:01 PDT"]
[Termination "FabianoCaruana won by resignation"]

1. d4 Nf6 2. c4 g6 3. Nc3 Bg7 4. e4 d6 5. Be3 Ng4 6. Bg5 h6 7. Bh4 c5 8. d5 g5 9. Bg3 Qa5 10. Qd2 f5 11. h3 Ne5 12. exf5 Bxf5 13. Bxe5 Bxe5 14. Bd3 Rf8 15. Nf3 Nd7 16. Bxf5 Rxf5 17. Qd3 Rf6 18. O-O O-O-O 19. Rfe1 Rdf8 20. Re3 h5 21. Ne4 g4 22. Nxf6 Bxf6 23. hxg4 hxg4 24.
Nh2 Bxb2 25. Rb1 Ne5 26. Qb3 g3 27. Rxg3 1-0

[Event "Late-Titled-Tuesday-Blitz-May-07-2024"]
[Site "Chess.com"]
[Date "2024.05.07"]
[Round "6"]
[White "picturesquecheck"]
[Black "manmanlai1"]
[Result "0-1"]
[WhiteElo "2447"]
[BlackElo "2586"]
[TimeControl "180+1"]
[EndTime "15:05:01 PDT"]
[Termination "manmanlai1 won by resignation"]

1. e4 c5 2. Nf3 e6 3. d4 cxd4 4. Nxd4 a6 5. Nc3 b5 6. Be2 Bb7 7. a3 Qc7 8. O-O Nf6 9. Bf3 Nc6 10.
Re1 Nxd4 11. Qxd4 Bc5 12. Qd3 e5 13. Bg5 d6 14. Bxf6 gxf6 15. b4 Bd4 16. Ne2 Bxa1 17. Rxa1 Bc8 18. Rd1 Be6 19. Qe3 h6 20. c3 Ke7 21. h3 h5 22. Ng3 h4 23. Ne2 Rhg8 24. Kh2 Rg5 25. Nc1 Rc8 26. Rd3 Bc4 27. Rd2 Be6 28.
Rd3 Rb8 29. Rd2 Qb6 30. Qe2 Rc8 31. Qd3 Rc6 32. Bg4 Bxg4 33. hxg4 Rxg4 34. Nb3 Rc8 35. f3 Rg3 36. Na5 Rcg8 37. c4 h3 38. c5 Rxg2+ 39.
Kxh3 Rxd2 40. Qxd2 dxc5 0-1

[Event "Late-Titled-Tuesday-Blitz-May-07-2024"]
[Site "Chess.com"]
[Date "2024.05.07"]
[Round "6"]
[White "prachiti01"]
[Black "OriTaichman"]
[Result "1/2-1/2"]
[WhiteElo "2434"]
[BlackElo "2607"]
[TimeControl "180+1"]
[EndTime "15:05:04 PDT"]
[Termination "Game drawn by agreement"]

1. e4 c5 2. c3 d6 3. d4 Nf6 4.
Bd3 e5 5. d5 g6 6. Nf3 Bg7 7. O-O O-O 8. Bg5 h6 9. Bd2 Nh7 10. Qc1 f5 11. Bxh6 f4 12. Bxg7 Kxg7 13. Nbd2 g5 14. h3 g4 15. hxg4 Bxg4 16. Re1 Rh8 17. Kf1 Ng5 18. Ke2 Nd7 19. Rh1 Qc7 20. c4 a6 21. a4 Rxh1 22. Qxh1 Rh8 23. Qc1 Nf6 24. Qc2 Qd7 25. Rg1 Kf8 26. Ke1 Bxf3 27. Nxf3 Nxf3+ 28. gxf3 Rh2 29. Qd2 Qh3 30. Qa5 Qxf3 31.
Qd8+ Ne8 32. Rg8+ Kxg8 33. Qxe8+ Kg7 34. Qe7+ 1/2-1/2

[Event "Late-Titled-Tuesday-Blitz-May-07-2024"]
[Site "Chess.com"]
[Date "2024.05.07"]
[Round "6"]
[White "ArtemDyachuk"]
[Black "cthulhuuu"]
[Result "1-0"]
[WhiteElo "2705"]
[BlackElo "2532"]
[TimeControl "180+1"]
[EndTime "15:05:05 PDT"]
[Termination "ArtemDyachuk won on time"]

1. e4 d6 2. d4 Nf6 3. Nc3 c6 4. Nf3 Bg4 5. h3 Bh5 6. g4 Bg6 7. Bd3 e6 8. h4 d5 9. exd5 Bxd3 10. Qxd3 cxd5 11. g5 Nfd7 12. h5 Nc6 13. Bf4 Qb6 14.
O-O-O O-O-O 15. g6 hxg6 16. hxg6 Rxh1 17. Rxh1 f6 18.
Re1 Na5 19. Qb5 Re8 20. Qxd5 Bb4 21. Qe4 Bxc3 22. bxc3 Nc4 23. Kd1 e5 24. Bc1 Rd8 25.
Qd5 Qa6 26. Nd2 Ndb6 27. Qe6+ Kb8 28. Nxc4 Nxc4 29. Qxa6 bxa6 30. Re4 1-0

[Event "Late-Titled-Tuesday-Blitz-May-07-2024"]
[Site "Chess.com"]
[Date "2024.05.07"]
[Round "6"]
[White "ContrVersia"]
[Black "jefferyx"]
[Result "1-0"]
[WhiteElo "2907"]
[BlackElo "3109"]
[TimeControl "180+1"]
[EndTime "15:05:11 PDT"]
[Termination "ContrVersia won on time"]

1. e4 c5 2. Nf3 d6 3. d4 cxd4 4. Nxd4 Nf6 5. Nc3 a6 6. Bd3 e5 7. Nde2 Be7 8. O-O O-O 9. Ng3 Be6 10. a4 Nc6 11. Be3 Rc8 12. Be2 Na5 13. Qd2 Qc7 14. Rfc1 Nc4 15. Bxc4 Qxc4 16. a5 h6 17. Ra4 Qc6 18.
f3 d5 19. exd5 Nxd5 20. Nxd5 Bxd5 21. Nf5 Bc5 22. Rg4 g6 23. b4 Bxe3+ 24. Qxe3 Qf6 25. Qxh6 1-0

[Event "Late-Titled-Tuesday-Blitz-May-07-2024"]
[Site "Chess.com"]
[Date "2024.05.07"]
[Round "6"]
[White "sofaceindisguise"]
[Black "HaryKane"]
[Result "1-0"]
[WhiteElo "2730"]
[BlackElo "2538"]
[TimeControl "180+1"]
[EndTime "15:05:11 PDT"]
[Termination "sofaceindisguise won on time"]

1. e4 e5 2. Nf3 Nc6 3. Bc4 Bc5 4. d3 Nf6 5. O-O d6 6. c3 Bb6 7. a4 a6 8. b4 O-O 9. Bg5 h6 10. Bh4 Be6 11. Nbd2 g5 12. Nxg5 hxg5 13. Bxg5 Bxc4 14. Nxc4 Kg7 15. Kh1 Qd7 16. f4 Rh8 17.
fxe5 Ng4 18. Bf6+ Nxf6 19. exf6+ Kf8 20. d4 d5 21. exd5 Qxd5 22. Ne3 Qe4 23. Nf5 Re8 24. Qd2 Re6 25. Rae1 Qd5 26. Qg5 Rg8 27. Qh6+ Ke8 28.
Ng7+ Kd7 29. Rxe6 fxe6 30. Qh7 Rd8 31. f7 Rf8 32. Ne8 Nd8 33. Nf6+ Kd6 34. Nxd5 exd5 35. Qh6+ 1-0

[Event "Late-Titled-Tuesday-Blitz-May-07-2024"]
[Site "Chess.com"]
[Date "2024.05.07"]
[Round "6"]
[White "ToddBryant"]
[Black "DucksParadise"]
[Result "1-0"]
[WhiteElo "2412"]
[BlackElo "2552"]
[TimeControl "180+1"]
[EndTime "15:05:14 PDT"]
[Termination "ToddBryant won on time"]

1. e4 c6 2. d4 d5 3. f3 dxe4 4.
fxe4 e5 5. Nf3 Bg4 6. c3 Nd7 7.
Bd3 Ngf6 8. O-O Bd6 9. Na3 Bxa3 10. bxa3 O-O 11. Be3 b5 12. Qe1 Re8 13. Bg5 exd4 14. cxd4 h6 15. Bh4 g5 16. Nxg5 hxg5 17. Bxg5 Qb6 18.
Qf2 Re6 19. e5 Nxe5 20. Bxf6 Nxd3 21. Qh4 Rxf6 22. Qxf6 Be6 23. Rf3 Rd8 24. Rxd3 Kf8 25. Re1 Ke8 26. Rxe6+ fxe6 27. Qxe6+ Kf8 28. Rf3+ Kg7 29.
Rf7+ 1-0

[Event "Late-Titled-Tuesday-Blitz-May-07-2024"]
[Site "Chess.com"]
[Date "2024.05.07"]
[Round "6"]
[White "prime-morty"]
[Black "rynos0411"]
[Result "0-1"]
[WhiteElo "2697"]
[BlackElo "2554"]
[TimeControl "180+1"]
[EndTime "15:05:22 PDT"]
[Termination "rynos0411 won by checkmate"]

1. c4 c6 2. Nc3 d5 3. e3 Nf6 4. Nf3 e6 5. b3 Bd6 6. Bb2 Nbd7 7. Qc2 O-O 8. Rg1 e5 9. cxd5 cxd5 10. Nb5 Bb8 11. Ba3 Re8 12. Nd6 Bxd6 13. Bxd6 Ne4 14. Ba3 Ndf6 15. Bb2 d4 16. Bd3 Bf5 17. Nh4 Rc8 18.
Qb1 dxe3 19. fxe3 Nxd2 20. Kxd2 Ne4+ 21. Ke2 Qxh4 22. Qe1 Qxh2 23. Bxe4 Bxe4 24. Rc1 Qh5+ 25. Kf2 Qh4+ 26. Ke2 Qg4+ 27. Kf2 Rxc1 28. Qxc1 Qh4+ 29. Ke2 Qg4+ 30. Kf2 Rc8 31. Bc3 Qf5+ 32. Ke2 Rd8 33. Bd2 Qg4+ 34. Kf2 Bd3 35. Re1 Be4 36. Rg1 h5 37. Be1 h4 38. Qc7 Qf5+ 39. Ke2 Rc8 40. Qa5 Bd3+ 41. Kd1 Qg4+ 42. Kd2 Qe2# 0-1

[Event "Late-Titled-Tuesday-Blitz-May-07-2024"]
[Site "Chess.com"]
[Date "2024.05.07"]
[Round "6"]
[White "SHIVACalypso"]
[Black "IlanSchnaider"]
[Result "0-1"]
[WhiteElo "2538"]
[BlackElo "2716"]
[TimeControl "180+1"]
[EndTime "15:05:23 PDT"]
[Termination "IlanSchnaider won by checkmate"]

1. Nf3 Nf6 2. d4 g6 3. g3 Bg7 4. Bg2 O-O 5. O-O d5 6. c4 Nc6 7. cxd5 Nxd5 8. Nc3 e5 9. Nxd5 e4 10. Ne5 Qxd5 11. Nxc6 Qxc6 12. Bf4 Qb6 13. Rc1 c6 14. Bxe4 Bh3 15. Bg2 Bxg2 16. Kxg2 Qxb2 17. Rb1 Qxa2 18. Rxb7 Qd5+ 19. f3 c5 20. Rb5 Bxd4 21. Qd3 Qc6 22. Rc1 Rad8 23. Qc4 Rfe8 24. e4 Rxe4 25. fxe4 Qxe4+ 26. Kh3 Rd5 27. g4 h5 28. g5 Qxf4 29. Qxc5 Qg4# 0-1

[Event "Late-Titled-Tuesday-Blitz-May-07-2024"]
[Site "Chess.com"]
[Date "2024.05.07"]
[Round "6"]
[White "martinmena"]
[Black "RespectfulDaveOnYouTube"]
[Result "0-1"]
[WhiteElo "2137"]
[BlackElo "2387"]
[TimeControl "180+1"]
[EndTime "15:05:26 PDT"]
[Termination "RespectfulDaveOnYouTube won on time"]

1. c4 c5 2. g3 Nc6 3. Bg2 Nf6 4.
Nc3 g6 5. e4 Bg7 6. Nge2 O-O 7.
O-O d6 8. d3 h6 9. h3 Bd7 10. Be3 Qc8 11. Kh2 a6 12. Qd2 Kh7 13.
Rab1 Rb8 14. Nd5 b5 15. b3 Ng8 16. d4 e6 17. Ndc3 cxd4 18. Nxd4 bxc4 19. bxc4 Rxb1 20. Rxb1 Ne5 21. Bf1 Nxc4 22. Bxc4 Qxc4 23. Nce2 Nf6 24. f3 Rc8 25. Rb4 Qc7 26. a4 d5 27. a5 dxe4 28. fxe4 Nxe4 29. Qd3 Nc5 30. Qc2 e5 31. Nb3 Nxb3 32.
Qxb3 Qc2 33. Qb2 Bb5 0-1

[Event "Late-Titled-Tuesday-Blitz-May-07-2024"]
[Site "Chess.com"]
[Date "2024.05.07"]
[Round "6"]
[White "LikeWater"]
[Black "Yaacovn"]
[Result "1-0"]
[WhiteElo "2697"]
[BlackElo "2838"]
[TimeControl "180+1"]
[EndTime "15:05:31 PDT"]
[Termination "LikeWater won by resignation"]

1. e4 c6 2. d4 d5 3. f3 dxe4 4. fxe4 e5 5. Nf3 Be6 6. c3 Nd7 7. Nbd2 Qc7 8. Bc4 Ngf6 9. Bxe6 fxe6 10. Qb3 O-O-O 11. O-O exd4 12. cxd4 e5 13. Nc4 exd4 14. e5 Nd5 15. Ng5 Bc5 16. Ne6 Qb8 17. Qh3 b5 18.
Nxc5 bxc4 19. Rf7 Nb6 20. Bf4 Rhf8 21. e6 Rxf7 22. Bxb8 Kxb8 23. Nxd7+ Rfxd7 24. exd7 Rxd7 25. a4 a5 26. Qf5 Rd5 27. Qf8+ Kb7 28. Qxg7+ Ka6 29.
Qc7 d3 30. Qxc6 d2 31. Rd1 Rd3 32. g4 c3 1-0

[Event "Late-Titled-Tuesday-Blitz-May-07-2024"]
[Site "Chess.com"]
[Date "2024.05.07"]
[Round "6"]
[White "Cipy77"]
[Black "YouShallNotPass001"]
[Result "1-0"]
[WhiteElo "2644"]
[BlackElo "2465"]
[TimeControl "180+1"]
[EndTime "15:05:31 PDT"]
[Termination "Cipy77 won by resignation"]

1. Nf3 Nf6 2. c4 e6 3. g3 d5 4. Bg2 a6 5. O-O dxc4 6. Ne5 Qd4 7. Qa4+ b5 8. Nf3 Qb6 9. Qc2 Bb7 10. b3 cxb3 11. axb3 Be7 12. Bb2 Nbd7 13. Nc3 O-O 14. e4 c5 15. e5 Nd5 16. Ne4 Rfc8 17. Neg5 Nf8 18. Qb1 Nb4 19. Re1 Bd5 20. Bc3 Ra7 21.
Ne4 Nc6 22. h4 a5 23. Nh2 b4 24. Bb2 Bxb3 25. Nf6+ gxf6 26. exf6 Bd6 27. Qe4 a4 28. h5 a3 29. Bc1 Kh8 30. Qg4 Ng6 31. hxg6 fxg6 32. Nf3 Bd5 33. Ng5 Ne5 34. Qh3 b3 35. Bxd5 exd5 36. Qxc8+ 1-0

[Event "Late-Titled-Tuesday-Blitz-May-07-2024"]
[Site "Chess.com"]
[Date "2024.05.07"]
[Round "6"]
[White "Chess_Star1234"]
[Black "lluiss"]
[Result "0-1"]
[WhiteElo "2468"]
[BlackElo "2248"]
[TimeControl "180+1"]
[EndTime "15:05:34 PDT"]
[Termination "lluiss won on time"]

1. d4 Nf6 2. c4 g6 3. Nc3 d5 4. Nf3 Bg7 5. Bf4 O-O 6. e3 c5 7.
dxc5 Ne4 8. Rc1 Nd7 9. Qxd5 Nxc3 10. bxc3 Qa5 11. Ne5 Nxc5 12. Be2 Be6 13. Qf3 Na4 14. Nd3 Nxc3 15. O-O Qxa2 16. Rfe1 Bxc4 17. Ne5 Nxe2+ 18.
Kh1 Nxc1 0-1

[Event "Late-Titled-Tuesday-Blitz-May-07-2024"]
[Site "Chess.com"]
[Date "2024.05.07"]
[Round "6"]
[White "Sandstad"]
[Black "Pig-filth"]
[Result "1/2-1/2"]
[WhiteElo "2429"]
[BlackElo "2315"]
[TimeControl "180+1"]
[EndTime "15:05:34 PDT"]
[Termination "Game drawn by agreement"]

1. d4 Nc6 2. Nf3 d6 3. d5 Ne5 4. Nxe5 dxe5 5. c4 e6 6. Nc3 Nf6 7.
e4 a6 8. Be2 Be7 9. Be3 O-O 10.
O-O b6 11. h3 Bb7 12. Rc1 exd5 13. cxd5 b5 14. a3 c6 15. dxc6 Bxc6 16. Bf3 Qxd1 17. Rfxd1 Rfd8 18. Bg5 Rxd1+ 19. Rxd1 Rd8 20. Rxd8+ Bxd8 21. Nd5 Nxd5 22. exd5 Bxg5 23. dxc6 Bd8 24. g4 Kf8 25. Kf1 Ke7 26. Ke2 g6 27. Bd5 f5 28.
gxf5 gxf5 29. Bg8 h6 30. Bh7 Kf6 31. b3 Bc7 32. a4 bxa4 33. bxa4 Ke6 34. f3 Kd6 35.
Bxf5 Kxc6 1/2-1/2

[Event "Late-Titled-Tuesday-Blitz-May-07-2024"]
[Site "Chess.com"]
[Date "2024.05.07"]
[Round "6"]
[White "katharinareinecke"]
[Black "MuhittinBuker"]
[Result "0-1"]
[WhiteElo "1930"]
[BlackElo "2202"]
[TimeControl "180+1"]
[EndTime "15:05:36 PDT"]
[Termination "MuhittinBuker won by resignation"]

1. d4 Nf6 2. Nf3 d5 3. g3 e6 4. Bg2 Be7 5. O-O O-O 6. c4 dxc4 7. Ne5 Nc6 8. Nxc6 bxc6 9. Na3 Rb8 10. Nxc4 c5 11. dxc5 Bxc5 12. Bg5 Be7 13. Qc2 c5 14. Rfd1 Qe8 15. Ne5 Bb7 16. Bxb7 Rxb7 17. Bxf6 Bxf6 18.
Qxc5 Rb5 19. Qxa7 Bxe5 20. a4 Rxb2 21. Ra3 Qb8 22. Qxb8 Rfxb8 23. Rad3 g6 24. a5 Ra2 25. Rd8+ Rxd8 26. Rxd8+ Kg7 27. Ra8 Rxe2 28. a6 Ra2 29.
Kf1 Bd4 30. f4 e5 31. fxe5 Bxe5 32. a7 Bd4 33. Rd8 Bxa7 34. Ra8 Ra1+ 35. Kg2 Bd4 36. Rxa1 Bxa1 0-1

[Event "Late-Titled-Tuesday-Blitz-May-07-2024"]
[Site "Chess.com"]
[Date "2024.05.07"]
[Round "6"]
[White "Felix-Rose"]
[Black "szachmistrz2500"]
[Result "0-1"]
[WhiteElo "2228"]
[BlackElo "2469"]
[TimeControl "180+1"]
[EndTime "15:05:38 PDT"]
[Termination "szachmistrz2500 won on time"]

1. e4 c5 2. Nf3 d6 3. d4 cxd4 4.
Nxd4 Nf6 5. Nc3 a6 6. Be3 e5 7.
Nb3 Be7 8. f3 Be6 9. Qd2 Nbd7 10. O-O-O O-O 11. g4 b5 12. g5 b4 13. gxf6 bxc3 14.
Qxc3 Nxf6 15. Na5 Qc8 16. Nc6 Bd8 17. Nxd8 Qxd8 18. Rd2 Qe7 19. Qa3 Rfd8 20. Be2 Ne8 21. f4 Rdc8 22. fxe5 Rc6 23. exd6 Nxd6 24. Bc5 Rac8 25.
Bxd6 Qg5 26. Bd3 Bc4 27. Rd1 Bb5 28. Kb1 h6 29. Bxb5 axb5 30. Qd3 Rd8 31. e5 Rc4 32. b3 Rh4 0-1

[Event "Late-Titled-Tuesday-Blitz-May-07-2024"]
[Site "Chess.com"]
[Date "2024.05.07"]
[Round "6"]
[White "KorolDimitriy75"]
[Black "GWR2024"]
[Result "1-0"]
[WhiteElo "2396"]
[BlackElo "2166"]
[TimeControl "180+1"]
[EndTime "15:05:40 PDT"]
[Termination "KorolDimitriy75 won by checkmate"]

1. d4 f5 2. c4 Nf6 3. Nf3 g6 4. b3 Bg7 5. Bb2 O-O 6. g3 d6 7. Bg2 Qe8 8. O-O Nbd7 9. d5 a5 10. Nbd2 Nc5 11. Qc2 e5 12. dxe6 Nxe6 13. Rfe1 h6 14.
e4 f4 15. e5 dxe5 16. Nxe5 Kh7 17. Ne4 fxg3 18. Nxf6+ Rxf6 19. hxg3 Qf8 20. Be4 Ng5 21. Bxg6+ Kh8 22. f4 Nh3+ 23. Kg2 Rxf4 24. gxf4 Nxf4+ 25. Kh2 Be6 26. Qf2 Qf6 27. Nf7+ Bxf7 28. Bxf6 Bxf6 29.
Qxf4 Kg7 30. Bxf7 Kxf7 31. Rf1 Ke8 32. Qxf6 Kd7 33. Rad1+ Kc8 34. Qf8# 1-0

[Event "Late-Titled-Tuesday-Blitz-May-07-2024"]
[Site "Chess.com"]
[Date "2024.05.07"]
[Round "6"]
[White "ChessLover0108"]
[Black "Noki102"]
[Result "1-0"]
[WhiteElo "2952"]
[BlackElo "2572"]
[TimeControl "180+1"]
[EndTime "15:05:41 PDT"]
[Termination "ChessLover0108 won on time"]

1. Nf3 d5 2. d4 Nf6 3. c4 e6 4. Nc3 c6 5. Bg5 Nbd7 6. e3 Qa5 7.
Nd2 dxc4 8. Bxf6 Nxf6 9. Nxc4 Qc7 10. g3 Be7 11. Bg2 O-O 12. Rc1 Rd8 13. Qb3 Bd7 14. O-O Rac8 15. Rc2 Be8 16. Rfc1 Qb8 17. Ne5 Nd7 18.
Nxd7 Rxd7 19. Ne4 Rdc7 20. h4 b6 21. Qd3 c5 22. dxc5 bxc5 23. b3 h6 24. Nd2 Rd8 25. Qe2 Bb5 26. Nc4 Rcd7 27. Qh5 Bxc4 28. Rxc4 Rd2 29. R1c2 Rd1+ 30. Kh2 Ra1 31. Rg4 Kf8 32. Rf4 Bf6 33. Qxc5+ Kg8 34. Rcc4 Rxa2 35. Rxf6 gxf6 36. Rg4+ Kh7 37. Qe7 Rf8 38. Qxf6 1-0